 Dungeon Crawl Stone Soup version 0.28-a0-1415-g7c84da036a (webtiles) character file.

Game seed: 12202160964976870235

35 Hasart the Sneak (level 3, 0/19 HPs)
             Began as a Kobold Enchanter on Jan 7, 2022.
             Succumbed to an adder's poison
             ... on level 2 of the Dungeon.
             The game lasted 00:01:31 (1861 turns).

Hasart the Sneak (Kobold Enchanter)                 Turns: 1861, Time: 00:01:32

Health: 0/19       AC:  2    Str:  5    XL:     3   Next: 52%
Magic:  6/6        EV: 16    Int: 18    God:
Gold:   24         SH:  0    Dex: 21    Spells: 7/7 levels left

rFire   . . .      SeeInvis .   a - +1 dagger
rCold   . . .      Faith    .   (no shield)
rNeg    . . .      Spirit   .   b - +0 robe
rPois   .          Reflect  .   (no helmet)
rElec   .          Harm     .   (no cloak)
rCorr   .          Rampage  .   (no gloves)
Will    +....                   (no boots)
Stlth   ++++......              (no amulet)
HPRegen 0.06/turn               e - +6 ring of dexterity
MPRegen 0.10/turn               i - ring of willpower

@: lethally poisoned (0 -> -6)
A: small, no large weapons, nightstalker 3
a: no special abilities


You were on level 2 of the Dungeon.
You visited 1 branch of the dungeon, and saw 2 of its levels.

You collected 24 gold pieces.

Inventory:

Hand Weapons
 a - a +1 dagger (weapon)
Armour
 b - a +0 robe (worn)
Jewellery
 e - a +6 ring of dexterity (left hand)
 i - a ring of willpower (right hand)
Scrolls
 f - 2 scrolls of identify {unknown}
 h - a scroll of teleportation {unknown}
Potions
 c - a potion of invisibility
 g - a potion of curing {unknown}
 j - a potion of attraction {unknown}


   Skills:
 + Level 2.0 Short Blades
 + Level 2.8 Dodging
 + Level 4.4 Stealth
 + Level 2.5 Spellcasting
 * Level 3.4 Hexes


You had 7 spell levels left.
You didn't know any spells.
Your spell library contained the following spells:

 Spells                   Type           Power      Damage    Failure   Level
 Confusing Touch          Hex            14%        N/A       12%         3
 Tukima's Dance           Hex            14%        N/A       12%         3
 Ensorcelled Hibernation  Hex/Ice        16%        N/A       13%         2
 Dazzling Flash           Conj/Hex       16%        N/A       26%         3
 Spider Form              Tmut/Pois      2%         N/A       45%         3


Dungeon Overview and Level Annotations

Branches:
Dungeon (2/15)

Altars:


Innate Abilities, Weirdness & Mutations

You are small and have problems with some larger weapons.
You are completely attuned to the shadows.


Message History

The rat closely misses you.
You hit the rat.
You kill the rat!
No target in view!
A frilled lizard and an adder come into view.
There are monsters nearby!
You see here a bubbling emerald potion.
The adder hisses angrily.
You see here a bubbling emerald potion.
You don't know any spells.
Sorry, you're not good enough to have a special ability.
You barely miss the adder. The adder bites you.
You completely miss the adder. The adder bites you.
You are poisoned.
The adder poisons you!
Throw: throwing net
Press: ? - help, Q - select action Shift-Dir - straight line, f - adder
Aim: an adder (44% to hit)
You throw a throwing net.
The throwing net barely misses the adder.
You feel sick. The adder bites you.
You are lethally poisoned!
The adder poisons you! The frilled lizard barely misses you.
You hit the adder.
The adder is lightly wounded.
You feel very sick. The adder misses you. The frilled lizard misses you.
You hit the adder.
The adder is heavily wounded.
* * * LOW HITPOINT WARNING * * *
You feel sick. The adder closely misses you. The frilled lizard misses you.
You hit the adder.
The adder is severely wounded.
* * * LOW HITPOINT WARNING * * *
You feel sick. The adder bites you.
* * * LOW HITPOINT WARNING * * *
The frilled lizard misses you. The adder closely misses you.
You hit the adder.
The adder is almost dead.
You die...

.###..........##
#.
.......[####...##
..#
##...#####.....#
...###.#.#
#.......
##..##.#.#
#.......
#....#†#.#
#.......
#......#.#
##.....# #....###
........ #..@.#
........
...lS....
#.......
.###.....
##.....# .(....
##..<## .#####
#####


You could see an adder and a frilled lizard.

Vanquished Creatures
  A giant cockroach (D:1)
  5 goblins (D:1)
  5 hobgoblins
  7 jackals (D:1)
  2 kobolds (D:1)
  A quokka (D:1)
  3 ball pythons (D:1)
  3 frilled lizards (D:1)
  2 rats
29 creatures vanquished.

Notes
Turn   | Place    | Note
-------+----------+-------------------------------------------
     0 | D:1      | Hasart the Kobold Enchanter began the quest for the Orb.
     0 | D:1      | Reached XP level 1. HP: 10/10 MP: 3/3
   284 | D:1      | Reached XP level 2. HP: 15/15 MP: 5/5
   739 | D:1      | Reached XP level 3. HP: 19/19 MP: 6/6
  1861 | D:2      | Succumbed to an adder's poison

Illustrated notes

Levels and vault maps discovered:
D:1:      dpeg_arrival_central, layout_rooms, serial_co_window_serial,
          co_window_paths_a, co_window_of_opportunity_a, co_window_paths_a,
          co_window_paths_a, co_window_paths_b, co_window_paths_c,
          co_window_paths_c, co_window_cross_2, co_window_paths_e,
          co_window_4corner_b, glass_columns_b, glass_columns_b,
          glass_columns_b, glass_columns_b, glass_columns_c
D:2:      layout_rooms, basic_ecumenical_altar, basic_altar, uniq_sigmund

Skill      XL: |  1  2  3 |
---------------+----------+-----
Short Blades   | 2 |  2.0
Dodging        | |  2.8
Stealth        | |  4.4
Spellcasting   | |  2.5
Hexes          | |  3.4

Action                   || total
-------------------------++-------
Melee: Dagger            ||    85
Throw: Throwing net      ||     1
 Stab: Sleeping          ||    17
Armor: Robe              ||     2
Dodge: Dodged            ||    54

Table legend: (Time is in decaauts)
 A = Elapsed time spent in this place.
 B = Non-inter-level travel time spent in this place.
 C = Inter-level travel time spent in this place.
 D = Time resting spent in this place.
 E = Time spent auto-exploring this place.
 F = Levels seen in this place.
 G = Mean time per level.
                   A        B        C        D        E       F      G
               +--------+--------+--------+--------+--------+-----+--------+
         Total |   1852 |   1818 |     34 |      0 |   1610 |   2 |  926.0 |
       Dungeon |   1852 |   1818 |     34 |      0 |   1610 |   2 |  926.0 |
               +--------+--------+--------+--------+--------+-----+--------+

Top non-repeatable levels by time:
     D:1: 1808 daAuts
     D:2: 44 daAuts
